 Dungeon Crawl Stone Soup version 0.21.1-1-g345015fe64 (webtiles) character file.

427 Henning the Chopper (level 6, -2/56 HPs)
             Began as a Minotaur Berserker on June 14, 2018.
             Was a Priest of Trog.
             Killed from afar by Sigmund (12 damage)
             ... with a puff of flame
             ... on level 4 of the Dungeon.
             The game lasted 00:09:14 (2555 turns).

Henning the Chopper (Minotaur Berserker)            Turns: 2555, Time: 00:09:15

Health: -2/56      AC: 11    Str: 23    XL:     6   Next: 65%
Magic:  5/5        EV:  4    Int:  4    God:    Trog [***...]
Gold:   138        SH:  0    Dex: 10    Spells: 5/5 levels left

rFire    . . .     SeeInvis .   a - +0 hand axe
rCold    . . .     Gourm    .   s - +0 large shield
rNeg     . . .     Faith    .   e - +0 chain mail
rPois    .         Spirit   .   n - +0 hat
rElec    .         Reflect  .   (no cloak)
rCorr    .         Harm     .   (no gloves)
MR       .....                  (no boots)
Stlth    ..........             k - amulet of regeneration
HPRegen  0.58/turn              l - +2 ring of protection
MPRegen  0.09/turn              (no ring)

@: confused
A: retaliatory headbutt, horns 2
a: Berserk, Trog's Hand, Burn Spellbooks, Renounce Religion


You were on level 4 of the Dungeon.
You worshipped Trog.
Trog was most pleased with you.
You were not hungry.

You visited 1 branch of the dungeon, and saw 4 of its levels.

You collected 138 gold pieces.

Inventory:

Hand Weapons
 a - a +0 hand axe (weapon)
Armour
 e - a +0 chain mail (worn)
 m - a +0 shield
 n - a +0 hat (worn)
 s - a +0 large shield (worn)
Jewellery
 k - an amulet of regeneration (around neck)
 l - a +2 ring of protection (left hand)
 r - an uncursed ring of ice {unknown}
Scrolls
 f - 2 scrolls of identify {unknown}
 h - 7 scrolls of teleportation {unknown}
 i - 2 scrolls of immolation {unknown}
 o - 3 scrolls of enchant armour {unknown}
 t - a scroll of magic mapping {unknown}
 v - a scroll of remove curse {unknown}
 w - a scroll of random uselessness {unknown}
Potions
 b - a potion of might {unknown}
 g - 2 potions of curing {unknown}
 j - 3 potions of heal wounds {unknown}
 p - 3 potions of flight {unknown}
 q - 3 potions of berserk rage {unknown}
 u - a potion of cancellation {unknown}
Comestibles
 c - 5 rations
 d - 10 chunks of flesh


   Skills:
 + Level 5.2 Fighting
 + Level 6.2 Axes
 + Level 4.0 Armour
 + Level 3.0 Dodging
 + Level 0.1 Stealth
 + Level 3.1 Shields


You had 5 spell levels left.
You didn't know any spells.

Dungeon Overview and Level Annotations

Branches:
Dungeon (4/15)
 Temple: D:4-7

Altars:
Ashenzari
Dithmenos
Kikubaaqudgha
Sif Muna
Yredelemnul
The Shining One

Annotations:
D:4 Sigmund


Innate Abilities, Weirdness & Mutations

You reflexively headbutt those who attack you in melee.
You have a pair of horns on your head.


Message History

You miss something.
You hear a zap.
A puff of flame appears from out of thin air!
The puff of flame hits you!
You're too confused to move!
Something hits you.
* * * LOW HITPOINT WARNING * * *
You closely miss something. You headbutt something.
You feel sick.
You closely miss something.
You hear some strange, mumbled words.
You are more confused.
You completely miss something. Something hits you.
* * * LOW HITPOINT WARNING * * *
You completely miss something. Something hits you.
* * * LOW HITPOINT WARNING * * *
You feel sick.
You are no longer poisoned.
You hear some strange, mumbled words.
A puff of flame appears from out of thin air!
The puff of flame hits you!
You die...

.. .. .# #
###.##.###.#
#.#..........#
#.#....$....#
#...........#
###..........#
.............#
#....{@....#......
#....†.....#......#
##................#
#................#
#................#
##..###..........#
######..............#
...........#.........#
########.....#.###.##


There were no monsters in sight!

Vanquished Creatures
  A sky beast (D:3)
  An ogre (D:3)
  A bullfrog skeleton (D:4)
  A gnoll shaman (D:3)
  A worker ant (D:4)
  2 adders
  4 gnolls (D:4)
  An ooze (D:1)
  2 worms
  6 dart slugs
  4 leopard geckos
  5 orcs (D:3)
  6 giant cockroaches
  7 goblins
  6 hobgoblins
  3 jackals (D:1)
  5 kobolds
  4 quokkas
  13 bats
  4 frilled lizards
  6 rats
83 creatures vanquished.

Notes
Turn   | Place    | Note
-------+----------+-------------------------------------------
     0 | D:1      | Henning the Minotaur Berserker began the quest for the Orb.
     0 | D:1      | Reached XP level 1. HP: 19/19 MP: 0/0
    44 | D:1      | Reached XP level 2. HP: 7/27 MP: 1/1
   275 | D:1      | Reached skill level 4 in Axes
   529 | D:1      | Reached XP level 3. HP: 33/33 MP: 2/2
   653 | D:1      | Reached ** piety under Trog
   981 | D:2      | Found a shattered altar of Ashenzari.
  1355 | D:2      | Reached XP level 4. HP: 41/41 MP: 3/3
  1671 | D:3      | Found a deep blue altar of Sif Muna.
  1673 | D:3      | Found an ancient bone altar of Kikubaaqudgha.
  1673 | D:3      | Found a glowing golden altar of the Shining One.
  1673 | D:3      | Found a shadowy altar of Dithmenos.
  1673 | D:3      | Found a basalt altar of Yredelemnul.
  1954 | D:3      | Reached *** piety under Trog
  2075 | D:3      | Reached skill level 1 in Shields
  2123 | D:3      | Noticed a sky beast
  2162 | D:3      | Killed a sky beast
  2162 | D:3      | Reached skill level 5 in Fighting
  2162 | D:3      | Reached skill level 5 in Axes
  2162 | D:3      | Reached XP level 5. HP: 9/48 MP: 4/4
  2368 | D:4      | Noticed an ogre
  2381 | D:3      | Killed an ogre
  2381 | D:3      | Reached XP level 6. HP: 17/56 MP: 5/5
  2459 | D:4      | Reached skill level 6 in Axes
  2529 | D:4      | Noticed Sigmund
  2555 | D:4      | Killed from afar by Sigmund

Skill      XL: |  1  2  3  4  5  6 |
---------------+-------------------+-----
Fighting       | 4 5 |  5.2
Axes           | 4 5 6 |  6.2
Armour         | 3 4 |  4.0
Shields        | 2 3 |  3.1
Dodging        | 3 |  3.0
Stealth        | |  0.1

Action                   |  1- 3 |  4- 6 || total
-------------------------+-------+-------++-------
Melee: Hand axe          |   108 |   174 ||   282
       Headbutt          |    12 |    23 ||    35
  Eat: Chunk             |     1 |     5 ||     6
Armor: Animal skin       |     2 |       ||     2
       Chain mail        |    62 |   119 ||   181
Dodge: Dodged            |    34 |    16 ||    50
Block: Shield            |    20 |     8 ||    28
       Large shield      |       |   113 ||   113
